 Dungeon Crawl Stone Soup version bcrawl-1.40.3b (webtiles) character file.

Game seed: 12726571538877197802

91305 gdask the Skirmisher (level 3, -2/35 HPs)
             Began as a Minotaur Fighter on Mar 18, 2024.
             Slain by Natasha (6 damage)
             ... on level 3 of the Dungeon.
             The game lasted 00:02:46 (2563 turns).

gdask the Skirmisher (Minotaur Fighter)             Turns: 2563, Time: 00:02:47

Health: -2/35      AC:  8    Str: 21    XL:     3   Next: 94%
Magic:  2/2        EV:  5    Int:  5    God:
Gold:   145        SH: 10    Dex:  9    Spells: 2/2 levels left

rFire    . . .     GDR:     24% a - +0 war axe
rCold    . . .     SeeInvis .   c - +1 medium shield
rNeg     . . .     Gourm    .   b - +0 scale mail
rPois    .         Faith    .   (helmet restricted)
rElec    .         Spirit   .   (no cloak)
rCorr    .         Reflect  .   l - +0 pair of gloves
MR       .....                  (no boots)
Stlth    ..........             (no amulet)
HPRegen  0.15/turn              (no ring)
MPRegen  0.08/turn              (no ring)

@: no status effects
A: retaliatory headbutt, horns 2
a: no special abilities


You were on level 3 of the Dungeon.
You were not hungry.

You visited 1 branch of the dungeon, and saw 3 of its levels.

You collected 145 gold pieces.

Inventory:

Hand Weapons
 a - a +0 war axe (weapon)
 n - a cursed +0 war axe
Armour
 b - a +0 scale mail (worn)
 c - a +1 medium shield (worn)
 l - a +0 pair of gloves (worn)
Jewellery
 m - an uncursed ring of magical power {unknown}
Scrolls
 f - a scroll of fear {unknown}
 g - a scroll of immolation {unknown}
 i - 3 scrolls of identify
 j - a scroll of enchant armour
 k - 2 scrolls of remove curse {unknown}
 o - a scroll of enchant weapon {unknown}
Potions
 d - 3 potions of might
 h - 4 potions of curing {unknown}
 q - a potion of degeneration {unknown}
Comestibles
 e - 8 rations {!d}
 p - 4 chunks of flesh


   Skills:
 + Level 4.9 Fighting
 + Level 4.0 Axes
 - Level 3.6 Armour
 - Level 3.6 Shields


You had 2 spell levels left.
You didn't know any spells.
Your spell library was empty.

Dungeon Overview and Level Annotations

Branches:
Dungeon (3/12)

Altars:

Annotations:
D:3 Natasha


Innate Abilities, Weirdness & Mutations

You reflexively headbutt those who attack you in melee.
You have a pair of horns on your head.


Message History

You miss Natasha.
Natasha is severely wounded.
Natasha claws you. Natasha claws you but does no damage.
Your shield prevents you from hitting Natasha.
Your headbutt misses Natasha.
Natasha is heavily wounded.
Natasha stares at you and mumbles some strange words.
The magic dart hits you!
* * * LOW HITPOINT WARNING * * *
You closely miss Natasha.
Natasha is heavily wounded.
Natasha casts a spell.
Natasha claws you.
* * * LOW HITPOINT WARNING * * *
You closely miss Natasha.
Natasha is heavily wounded.
You closely miss the shadow imp. The shadow imp hits you.
* * * LOW HITPOINT WARNING * * *
Natasha claws you.
You die...

#.....[#.#.........# #.#
###.####.#.#.##......# #.#
#.....##.#.#.##......## ##.##
#.#.#.##.#.#.###<#....###≈≈≈#
#.#.#......(.# ####≈÷..#..≈###
#.#.#####....# #≈≈.#......#
#.#..........# ###≈÷##.....#
#.#######....#####...≈##≈....###
#.#..........#.@5.......≈.......
#.##.####...##h###≈≈≈..≈≈#.##...
#....# ######.# ##.≈..≈##.##...
###### #....# #.≈.≈≈##.##...
#......# #..≈≈.....#... #....$.#
###≈#.....#... #......#
#.#.....#### #......# ....#.##
#......# ####.#.#


You could see Natasha and a shadow imp.

Vanquished Creatures
  3 adders
  A worm (D:1)
  A dart slug (D:3)
  4 leopard geckos
  2 bats
  2 giant cockroaches (D:1)
  2 goblins
  2 hobgoblins
  A jackal (D:2)
  4 kobolds
  A quokka (D:3)
  A ball python (D:1)
  A frilled lizard (D:1)
  5 rats
30 creatures vanquished.

Notes
Turn   | Place    | Note
-------+----------+-------------------------------------------
     0 | D:1      | gdask the Minotaur Fighter began the quest for the Orb.
     0 | D:1      | Reached XP level 1. HP: 19/19 MP: 0/0
   428 | D:1      | Reached XP level 2. HP: 27/27 MP: 1/1
  1029 | D:2      | Reached XP level 3. HP: 8/34 MP: 2/2
  2546 | D:3      | Noticed Natasha
  2563 | D:3      | Slain by Natasha

Skill      XL: |  1  2  3 |
---------------+----------+-----
Fighting       | 4 |  4.9
Axes           | 3 4 |  4.0
Armour         | |  3.6
Shields        | |  3.6

Action                   || total
-------------------------++-------
Melee: War axe           ||   107
       Headbutt          ||    11
  Use: Scroll            ||     1
  Eat: Chunk             ||     5
       Ration            ||     1
Armor: Scale mail        ||    44
Dodge: Dodged            ||    24
Block: Medium shield     ||    63
